PAA
MERCER ISLAND SCREAMING EAGLES @ MINNESOTA LOONS
06/14/2033
 
TOP OF THE 1ST
Mercer Island Screaming Eagles batting - Pitching for Minnesota Loons : LHP Steve Tedder
Pitching: LHP Steve Tedder
Batting: RHB Terry John 0-0: Ball
1-0: Called Strike
1-1: Ball
2-1: Ground out 4-3 (Groundball, 4)
Batting: RHB Alfredo García 0-0: Foul Ball, location: 2F
0-1: Fly out, F7 (Line Drive, 7D)
Batting: RHB Dennis Wacher 0-0: Ball
1-0: Ball
2-0: Called Strike
2-1: Called Strike
2-2: SINGLE (Groundball, 56D)
Batting: RHB Pedro Hernández 0-0: Called Strike
0-1: Ball
1-1: Called Strike
1-2: Fly out, F8 (Line Drive, 8LXD)
Top of the 1st over - 0 runs, 1 hit, 0 errors, 1 left on base; Mercer Island 0 - Minnesota 0
BOTTOM OF THE 1ST
Minnesota Loons batting - Pitching for Mercer Island Screaming Eagles : RHP Zion DeBose
Pitching: RHP Zion DeBose
Batting: RHB Héctor Espiga 0-0: Ball
1-0: Fly out, F9 (Flyball, 9)
Batting: RHB Augusto Manuel 0-0: Called Strike
0-1: Ball
1-1: SINGLE (Flyball, 89S)
Batting: RHB Júlio Vargas 0-0: Called Strike
0-1: Ball
1-1: Fly out, F9 (Flyball, 89D)
Batting: LHB Xuan-ling Chen 0-0: Foul Ball, location: 2F
0-1: Ball
1-1: Ball
2-1: Foul Ball, location: 2F
2-2: Strikes out swinging
Bottom of the 1st over - 0 runs, 1 hit, 0 errors, 1 left on base; Mercer Island 0 - Minnesota 0
TOP OF THE 2ND
Mercer Island Screaming Eagles batting - Pitching for Minnesota Loons : LHP Steve Tedder
Batting: RHB Juan Reyes 0-0: Called Strike
0-1: Ground out 5-3 (Groundball, 5S)
Batting: RHB Oliver Burrell 0-0: Ball
1-0: Called Strike
1-1: Foul Ball, location: 2F
1-2: Strikes out looking
Batting: RHB Bart Goodine 0-0: Ball
1-0: Called Strike
1-1: Ball
2-1: Called Strike
2-2: Strikes out swinging
Top of the 2nd over - 0 runs, 0 hits, 0 errors, 0 left on base; Mercer Island 0 - Minnesota 0
BOTTOM OF THE 2ND
Minnesota Loons batting - Pitching for Mercer Island Screaming Eagles : RHP Zion DeBose
Batting: RHB Ramón Yniguez 0-0: Called Strike
0-1: Foul Ball, location: 2F
0-2: Ball
1-2: Fly out, F8 (Flyball, 78D)
Batting: RHB Jimmy Fick 0-0: Ball
1-0: Called Strike
1-1: Ball
2-1: Ball
3-1: Called Strike
3-2: SINGLE (Groundball, 6MD)
Batting: RHB Dave Sosa 0-0: Grounds into double play, 4-6-3 (Groundball, 4M)
Bottom of the 2nd over - 0 runs, 1 hit, 0 errors, 0 left on base; Mercer Island 0 - Minnesota 0
TOP OF THE 3RD
Mercer Island Screaming Eagles batting - Pitching for Minnesota Loons : LHP Steve Tedder
Batting: RHB Ryoichi Yoshida 0-0: Ball
1-0: Ball
2-0: Foul Ball, location: 2F
2-1: Swinging Strike
2-2: Fly out, F3 (Popup, 3S)
Batting: RHB Kenny DeWitt 0-0: Ball
1-0: Called Strike
1-1: SINGLE (Flyball, 9S)
Batting: RHB Terry John 0-0: Called Strike
0-1: SINGLE (Line Drive, 89S)
Kenny DeWitt to second
Batting: RHB Alfredo García 0-0: Ground out U3 (Groundball, 2R)
Kenny DeWitt to third
Terry John to second
Batting: RHB Dennis Wacher 0-0: Swinging Strike
0-1: DOUBLE (Line Drive, 7LM)
Kenny DeWitt scores
Terry John scores
Batting: RHB Pedro Hernández 0-0: Ball
1-0: Ball
2-0: Foul Ball, location: 2F
2-1: SINGLE (Groundball, 3D)
Dennis Wacher to third
Runner from 3rd tries for Home, SAFE, no throw
Batting: RHB Juan Reyes 0-0: Ball
1-0: Ball
2-0: SINGLE (Line Drive, 56)
Pedro Hernández to second
Runner from 2nd tries for 3rd, OUT!
Top of the 3rd over - 3 runs, 5 hits, 0 errors, 1 left on base; Mercer Island 3 - Minnesota 0
BOTTOM OF THE 3RD
Minnesota Loons batting - Pitching for Mercer Island Screaming Eagles : RHP Zion DeBose
Batting: LHB Bill Bean 0-0: Called Strike
0-1: Called Strike
0-2: SINGLE (Line Drive, 9S)
Batting: SHB Raúl Mateo 0-0: Ball
1-0: Fly out, F9 (Flyball, 9S)
Batting: RHB Héctor Espiga 0-0: Ball
Bill Bean is caught stealing 2nd base
1-0: Ball
2-0: Foul Ball, location: 2F
2-1: Fly out, F5 (Flyball, 5D)
Bottom of the 3rd over - 0 runs, 1 hit, 0 errors, 0 left on base; Mercer Island 3 - Minnesota 0
TOP OF THE 4TH
Mercer Island Screaming Eagles batting - Pitching for Minnesota Loons : LHP Steve Tedder
Batting: RHB Oliver Burrell 0-0: Swinging Strike
0-1: Swinging Strike
0-2: Ball
1-2: Fly out, F3 (Popup, 34)
Batting: RHB Bart Goodine 0-0: Ball
1-0: Ground out 6-3 (Groundball, 6)
Batting: RHB Ryoichi Yoshida 0-0: SINGLE (Line Drive, 6MD)
Batting: RHB Kenny DeWitt 0-0: Swinging Strike
0-1: Foul Ball, location: 2F
0-2: Ball
1-2: Fly out, F7 (Flyball, 7LMF)
Top of the 4th over - 0 runs, 1 hit, 0 errors, 1 left on base; Mercer Island 3 - Minnesota 0
BOTTOM OF THE 4TH
Minnesota Loons batting - Pitching for Mercer Island Screaming Eagles : RHP Zion DeBose
Batting: RHB Augusto Manuel 0-0: Called Strike
0-1: Ball
1-1: Ball
2-1: Hit by Pitch
Batting: RHB Júlio Vargas 0-0: Swinging Strike
0-1: Ball
1-1: Ball
Wild Pitch!
Augusto Manuel to second
2-1: Swinging Strike
2-2: Foul Ball, location: 2F
2-2: Foul Ball, location: 2F
2-2: Foul Ball, location: 2F
2-2: Strikes out swinging
Batting: LHB Xuan-ling Chen 0-0: Called Strike
0-1: Ball
1-1: Ball
2-1: Foul Ball, location: 2F
2-2: Foul Ball, location: 2F
2-2: SINGLE (Line Drive, 7S)
Augusto Manuel to third
Batting: RHB Ramón Yniguez 0-0: Ball
1-0: Ball
2-0: Swinging Strike
2-1: Foul Ball, location: 2F
2-2: Ball
3-2: Foul Ball, location: 2F
3-2: Strikes out swinging
Batting: RHB Jimmy Fick 0-0: Ball
1-0: Ball
2-0: Called Strike
2-1: Ball
3-1: Fielders Choice at 2nd, 6-4 (Groundball, 6)
Bottom of the 4th over - 0 runs, 1 hit, 0 errors, 2 left on base; Mercer Island 3 - Minnesota 0
TOP OF THE 5TH
Mercer Island Screaming Eagles batting - Pitching for Minnesota Loons : LHP Steve Tedder
Batting: RHB Terry John 0-0: Fly out, F9 (Flyball, 9D)
Batting: RHB Alfredo García 0-0: Ball
1-0: Called Strike
1-1: Fly out, F7 (Flyball, 7)
Batting: RHB Dennis Wacher 0-0: Ball
1-0: Swinging Strike
1-1: Swinging Strike
1-2: Strikes out swinging
Top of the 5th over - 0 runs, 0 hits, 0 errors, 0 left on base; Mercer Island 3 - Minnesota 0
BOTTOM OF THE 5TH
Minnesota Loons batting - Pitching for Mercer Island Screaming Eagles : RHP Zion DeBose
Batting: RHB Dave Sosa 0-0: Ball
1-0: Foul Ball, location: 2F
1-1: Ball
2-1: Ball
3-1: Base on Balls
Batting: LHB Bill Bean 0-0: Ball
1-0: Ball
2-0: Bunted foul
2-1: Bunted foul
2-2: Ball
3-2: SINGLE (Groundball, 34S) (infield hit)
Dave Sosa to second
Batting: SHB Raúl Mateo 0-0: Ball
Wild Pitch!
Dave Sosa to third
Bill Bean to second
1-0: Called Strike
1-1: Foul Ball, location: 2F
1-2: Strikes out swinging
Batting: RHB Héctor Espiga 0-0: Fly out, F3 (Popup, 3S)
Batting: RHB Augusto Manuel 0-0: Called Strike
0-1: Ball
1-1: Foul Ball, location: 2F
1-2: Ball
2-2: Fly out, F8 (Flyball, 8LM)
Bottom of the 5th over - 0 runs, 1 hit, 0 errors, 2 left on base; Mercer Island 3 - Minnesota 0
TOP OF THE 6TH
Mercer Island Screaming Eagles batting - Pitching for Minnesota Loons : LHP Steve Tedder
Batting: RHB Pedro Hernández 0-0: Called Strike
0-1: Ball
1-1: Fly out, F7 (Flyball, 7LD)
Batting: RHB Juan Reyes 0-0: Ball
1-0: Foul Ball, location: 2F
1-1: Ball
2-1: Ball
3-1: Base on Balls
Batting: RHB Oliver Burrell 0-0: Foul Ball, location: 2F
0-1: Ball
1-1: Ball
2-1: Called Strike
2-2: DOUBLE (Flyball, 78XD)
Juan Reyes to third
Batting: RHB Bart Goodine 0-0: Called Strike
0-1: Foul Ball, location: 2F
0-2: Ball
1-2: SINGLE (Line Drive, 6M)
Juan Reyes scores
Oliver Burrell to third
Batting: RHB Ryoichi Yoshida 0-0: Called Strike
0-1: Ball
1-1: Ball
2-1: SINGLE (Line Drive, 89S)
Oliver Burrell scores
Bart Goodine to second
Pitching: RHP Ronald Beedy
Batting: RHB Kenny DeWitt 0-0: Swinging Strike
0-1: DOUBLE (Flyball, 9D)
Bart Goodine scores
Ryoichi Yoshida to third
Batting: RHB Terry John 0-0: Called Strike
0-1: Foul Ball, location: 2F
0-2: Hit by Pitch
Batting: RHB Alfredo García 0-0: Swinging Strike
0-1: Ball
1-1: Foul Ball, location: 2F
1-2: SINGLE (Line Drive, 6M)
Ryoichi Yoshida scores
Kenny DeWitt to third
Terry John to second
Batting: RHB Dennis Wacher 0-0: Ball
1-0: Ball
2-0: Called Strike
2-1: Called Strike
2-2: Ball
3-2: Base on Balls
Kenny DeWitt scores
Terry John to third
Alfredo García to second
Batting: RHB Pedro Hernández 0-0: Foul Ball, location: 2F
0-1: SINGLE (Flyball, 78S)
Terry John scores
Alfredo García to third
Dennis Wacher to second
Runner from 3rd tries for Home, SAFE, throw made home
Batting: RHB Juan Reyes 0-0: Called Strike
0-1: Ball
1-1: Ball
2-1: Foul Ball, location: 2F
2-2: Ball
3-2: Base on Balls
Dennis Wacher to third
Pedro Hernández to second
Batting: RHB Oliver Burrell 0-0: Called Strike
0-1: Called Strike
0-2: Ball
1-2: Ball
2-2: Strikes out swinging
Batting: RHB Bart Goodine 0-0: Ball
1-0: Ball
2-0: Foul Ball, location: 2F
2-1: Swinging Strike
2-2: Ball
3-2: Foul Ball, location: 2F
3-2: Base on Balls
Dennis Wacher scores
Pedro Hernández to third
Juan Reyes to second
Batting: RHB Ryoichi Yoshida 0-0: Called Strike
0-1: Reaches on Catchers interference
Pedro Hernández scores
Juan Reyes to third
Bart Goodine to second
Batting: RHB Kenny DeWitt 0-0: Called Strike
0-1: Ball
1-1: SINGLE (Line Drive, 6M)
Juan Reyes scores
Bart Goodine to third
Ryoichi Yoshida to second
Runner from 3rd tries for Home, SAFE, no throw
Batting: RHB Terry John 0-0: DOUBLE (Flyball, 9D)
Ryoichi Yoshida scores
Kenny DeWitt to third
Runner from 3rd tries for Home, SAFE, throw made at trailing runner, OUT at third!
Top of the 6th over - 13 runs, 8 hits, 1 error, 0 left on base; Mercer Island 16 - Minnesota 0
BOTTOM OF THE 6TH
Minnesota Loons batting - Pitching for Mercer Island Screaming Eagles : RHP Zion DeBose
Batting: RHB Júlio Vargas 0-0: Ground out 6-3 (Groundball, 6)
Batting: LHB Xuan-ling Chen 0-0: Ball
1-0: Swinging Strike
1-1: Swinging Strike
1-2: Ball
2-2: Strikes out swinging
Batting: RHB Ramón Yniguez 0-0: Ball
1-0: Ball
2-0: Called Strike
2-1: Ball
3-1: Fly out, F8 (Line Drive, 8RM)
Bottom of the 6th over - 0 runs, 0 hits, 0 errors, 0 left on base; Mercer Island 16 - Minnesota 0
TOP OF THE 7TH
Mercer Island Screaming Eagles batting - Pitching for Minnesota Loons : RHP Ronald Beedy
Batting: RHB Alfredo García 0-0: Foul Ball, location: 2F
0-1: Ball
1-1: Ball
2-1: Ball
3-1: Ground out 5-3 (Groundball, 5)
Batting: RHB Dennis Wacher 0-0: Ball
1-0: Swinging Strike
1-1: Called Strike
1-2: Foul Ball, location: 2F
1-2: Strikes out swinging
Batting: RHB Pedro Hernández 0-0: Called Strike
0-1: Foul Ball, location: 2F
0-2: Foul Ball, location: 2F
0-2: SOLO HOME RUN (Flyball, 7LD), Distance : 345 ft
Batting: RHB Juan Reyes 0-0: Ball
1-0: SINGLE (Groundball, 56D)
Batting: RHB Oliver Burrell 0-0: Called Strike
0-1: Ball
1-1: Foul Ball, location: 2F
1-2: Strikes out swinging
Top of the 7th over - 1 run, 2 hits, 0 errors, 1 left on base; Mercer Island 17 - Minnesota 0
BOTTOM OF THE 7TH
Minnesota Loons batting - Pitching for Mercer Island Screaming Eagles : RHP Zion DeBose
Pitching: RHP James Lendell Basford
Batting: RHB Jimmy Fick 0-0: Ball
1-0: SINGLE (Line Drive, 7S)
Batting: RHB Dave Sosa 0-0: Foul Ball, location: 2F
0-1: Foul Ball, location: 2F
0-2: Ball
1-2: Foul Ball, location: 2F
1-2: Foul Ball, location: 2F
1-2: Ball
2-2: Foul Ball, location: 2F
2-2: SINGLE (Line Drive, 7S)
Jimmy Fick to second
Batting: LHB Bill Bean 0-0: Ball
1-0: Ball
2-0: Ball
3-0: Base on Balls
Jimmy Fick to third
Dave Sosa to second
Batting: SHB Raúl Mateo 0-0: Ball
1-0: Called Strike
1-1: Ground out 5-3 (Groundball, 56S)
Jimmy Fick scores
Dave Sosa to third
Bill Bean to second
Batting: RHB Héctor Espiga 0-0: Ground out 6-3 (Groundball, 6)
Dave Sosa scores
Batting: RHB Augusto Manuel 0-0: Foul Ball, location: 2F
0-1: Ball
1-1: Ground out 4-3 (Groundball, 4)
Bottom of the 7th over - 2 runs, 2 hits, 0 errors, 1 left on base; Mercer Island 17 - Minnesota 2
TOP OF THE 8TH
Mercer Island Screaming Eagles batting - Pitching for Minnesota Loons : RHP Ronald Beedy
Batting: RHB Bart Goodine 0-0: Ground out 1-6-3 (Groundball, 15S)
Batting: RHB Ryoichi Yoshida 0-0: Called Strike
0-1: Foul Ball, location: 2F
0-2: Strikes out swinging
Batting: RHB Kenny DeWitt 0-0: Ground out 4-3 (Groundball, 4)
Top of the 8th over - 0 runs, 0 hits, 0 errors, 0 left on base; Mercer Island 17 - Minnesota 2
BOTTOM OF THE 8TH
Minnesota Loons batting - Pitching for Mercer Island Screaming Eagles : RHP James Lendell Basford
Batting: RHB Júlio Vargas 0-0: Called Strike
0-1: Foul Ball, location: 2F
0-2: Foul Ball, location: 2F
0-2: Ball
1-2: Fly out, F6 (Popup, P)
Batting: LHB Xuan-ling Chen 0-0: Ball
1-0: Foul Ball, location: 2F
1-1: Called Strike
1-2: Strikes out swinging
Batting: RHB Ramón Yniguez 0-0: Ball
1-0: Swinging Strike
1-1: Ball
2-1: Ball
3-1: Base on Balls
Batting: RHB Jimmy Fick 0-0: Ball
1-0: Foul Ball, location: 2F
1-1: Fly out, F6 (Line Drive, 6MD)
Bottom of the 8th over - 0 runs, 0 hits, 0 errors, 1 left on base; Mercer Island 17 - Minnesota 2
TOP OF THE 9TH
Mercer Island Screaming Eagles batting - Pitching for Minnesota Loons : RHP Ronald Beedy
Batting: RHB Terry John 0-0: Foul Ball, location: 2F
0-1: Ball
1-1: Foul Ball, location: 2F
1-2: Foul Ball, location: 2F
1-2: Foul Ball, location: 2F
1-2: Foul Ball, location: 2F
1-2: Strikes out looking
Pitching: RHP Víctor Torres
Batting: RHB Alfredo García 0-0: Foul Ball, location: 2F
0-1: Foul Ball, location: 2F
0-2: Foul Ball, location: 2F
0-2: Hit by Pitch
Batting: RHB Dennis Wacher 0-0: Ball
1-0: Ball
2-0: Called Strike
2-1: Foul Ball, location: 2F
2-2: Foul Ball, location: 2F
2-2: Ball
3-2: SINGLE (Flyball, 9S)
Alfredo García to second
Alfredo García to third
Batting: RHB Pedro Hernández 0-0: Ball
1-0: Foul Ball, location: 2F
1-1: SINGLE (Groundball, 4D)
Alfredo García scores
Dennis Wacher to second
Runner from 2nd tries for 3rd, SAFE, no throw
Batting: RHB Juan Reyes 0-0: Ball
1-0: Foul Ball, location: 2F
1-1: Swinging Strike
1-2: SINGLE (Groundball, 56D)
Dennis Wacher scores
Pedro Hernández to second
Batting: RHB Oliver Burrell 0-0: Foul Ball, location: 2F
0-1: Ball
1-1: Ball
2-1: Swinging Strike
2-2: Fly out, F8 (Flyball, 8RM)
Batting: RHB Bart Goodine 0-0: Called Strike
0-1: Ball
1-1: Ball
2-1: Fly out, F9 (Flyball, 9LMF)
Top of the 9th over - 2 runs, 3 hits, 0 errors, 2 left on base; Mercer Island 19 - Minnesota 2
BOTTOM OF THE 9TH
Minnesota Loons batting - Pitching for Mercer Island Screaming Eagles : RHP James Lendell Basford
Batting: RHB Dave Sosa 0-0: Called Strike
0-1: Ball
1-1: TRIPLE (Line Drive, 89D)
Batting: LHB Bill Bean 0-0: Called Strike
Balk!
Dave Sosa scores
0-1: Called Strike
0-2: Ball
1-2: Strikes out swinging
Batting: SHB Raúl Mateo 0-0: Called Strike
0-1: Called Strike
0-2: Ball
1-2: Foul Ball, location: 2F
1-2: Ball
2-2: SINGLE (Groundball, 56D)
Batting: RHB Héctor Espiga 0-0: Ball
1-0: Foul Ball, location: 2F
1-1: Swinging Strike
1-2: Ball
2-2: Ball
3-2: Ground out 6-3 (Groundball, 6)
Raúl Mateo to second
Batting: RHB Augusto Manuel 0-0: Ball
1-0: Swinging Strike
1-1: Ground out 5-3 (Groundball, 5L)
Bottom of the 9th over - 1 run, 2 hits, 0 errors, 1 left on base; Mercer Island 19 - Minnesota 3
Saturday, December 22nd, 2018 - OOTP Baseball 18.8 Build 76